Map: Dusk Towers

Players

Miszu

  • Race: Terran Terran
  • League: Master

loppelo - Winner!

  • Race: Terran Terran
  • League: Master

VOD

Have the link to the VOD?

Description

Time

  • Played on: April 5, 2016, 2:10 p.m.
  • Length: 3:47
Show
View Real Time Build Order
Export as new Build Order

Miszu Terran 

Build Orders: 1/1/1 

Get SALT Encoding   

  12  0:01  SCV  
  13  0:13  SCV  
  14  0:19  Supply Depot  
  14  0:25  SCV  
  14  0:27  Refinery  
  15  0:41  SCV  
  16  0:44  Barracks  
  16  0:54  SCV  
  17  1:02  Refinery  
  17  1:06  SCV  
  18  1:18  SCV  
  19  1:32  Orbital Command  
  19  1:33  Factory  
  19  1:39  Supply Depot  
  19  1:44  Reaper  
  20  1:57  SCV  
  21  2:09  SCV  
  22  2:16  Reaper  
  22  2:18  Hellion  
  22  2:19  Starport  
  22  2:22  SCV  
  26  2:34  Supply Depot, SCV  
  26  2:42  Hellion  
  28  2:46  SCV  
  28  2:48  Reaper  
  30  2:58  SCV  
  31  3:04  Hellion  
  33  3:05  Medivac  
  33  3:10  SCV  
  38  3:28  Supply Depot  
Show
View Real Time Build Order
Export as new Build Order

loppelo Terran - Winner!

Build Orders:  

Get SALT Encoding   

  12  0:00  SCV  
  13  0:13  SCV  
  14  0:18  Supply Depot  
  14  0:25  SCV  
  15  0:39  SCV  
  15  0:41  Barracks  
  16  0:45  Refinery  
  16  0:51  SCV  
  16  0:53  Refinery  
  17  1:03  SCV  
  18  1:15  SCV  
  19  1:28  Orbital Command  
  19  1:30  Reaper  
  19  1:31  Supply Depot  
  20  1:44  Factory  
  20  1:54  Bunker  
  20  1:59  SCV  
  21  2:04  Reaper  
  22  2:18  SCV  
  23  2:29  Hellion  
  25  2:36  Starport, Reaper  
  26  2:41  SCV  
  27  2:54  Hellion  
  27  2:55  SCV  
  27  2:58  Supply Depot  
  30  3:11  Barracks Reactor  
  30  3:12  SCV  
  31  3:19  Factory Tech Lab  
  31  3:27  Starport Tech Lab  
  31  3:31  SCV  
Tags
 
Matchup
TvT
Opening
1/1/1
Race
Terran
Add a new tag
Caveats
  • Supply blocks, unpowered buildings, or Contaminate may cause inaccurate times.
  • Supply counts are checked every 10 seconds.